 Dungeon Crawl Stone Soup version 0.28.0-47-ge53b351184 (webtiles) character file.

Game seed: 13903287775956770258

14165 KamiKatze the Destroyer (level 12, -2/75 HPs)
             Began as an Octopode Conjurer on May 3, 2022.
             Was a Priest of Vehumet.
             Slain by a skeletal warrior
             ... wielding a +0 short sword
             ... led by a skeletal warrior
              (14 damage)
             ... on level 10 of the Dungeon.
             The game lasted 01:13:49 (16911 turns).

KamiKatze the Destroyer (Octopode Conjurer)        Turns: 16911, Time: 01:13:49

Health: -2/75      AC:  1    Str:  7    XL:     12   Next: 13%
Magic:  0/24       EV: 15    Int: 31    God:    Vehumet [***...]
Gold:   786        SH:  6    Dex: 16    Spells: 9/27 levels left

rFire   + . .      SeeInvis +   v - +10 mace of Kidgh {vorpal, rF+ SInv}
rCold   . . .      Faith    .   e - +0 buckler
rNeg    . . .      Spirit   .   (helmet restricted)
rPois   .          Reflect  .   (no amulet)
rElec   .          Harm     .   j - +6 ring of intelligence
rCorr   +          Rampage  .   s - ring of flight
Will    +....                   D - ring of resist corrosion
Stlth   +++++.....              B - +6 ring of dexterity
HPRegen 0.22/turn               G - ring of willpower
MPRegen 0.19/turn               (no ring)
                                (no ring)
                                (no ring)

@: flying
A: almost no armour, amphibious, 8 rings, camouflage 1, gelatinous body 1,
(nimble swimmer 1), tentacles
a: Renounce Religion


You were on level 10 of the Dungeon.
You worshipped Vehumet.
Vehumet was most pleased with you.
You visited 2 branches of the dungeon, and saw 12 of its levels.

You collected 786 gold pieces.

Inventory:

Hand Weapons
 v - the +10 mace of Kidgh (weapon) {vorpal, rF+ SInv}
   (You found it on level 6 of the Dungeon)

   It inflicts extra damage upon your enemies.
   rF:        It protects you from fire.
   SInv:      It lets you see invisible.
 J - a +5 trident of venom
Missiles
 c - 29 stones
 d - 71 poisoned darts (quivered)
 f - 8 throwing nets
 l - 4 datura-tipped darts
 M - 3 curare-tipped darts
Armour
 e - a +0 buckler (worn)
Magical Staves
 g - a staff of cold
Jewellery
 j - a +6 ring of intelligence (left tentacle)
 s - a ring of flight (right tentacle)
 B - a +6 ring of dexterity (on tentacle)
 D - a ring of resist corrosion (on tentacle)
 G - a ring of willpower (on tentacle)
 L - a +6 ring of dexterity
Wands
 p - a wand of paralysis (11)
 u - a wand of polymorph (9)
 x - a wand of acid (4)
 y - a wand of iceblast (11)
 A - a wand of digging (6)
 E - a wand of flame (13)
Scrolls
 i - a scroll of blinking {unknown}
 m - 2 scrolls of torment {unknown}
 n - 3 scrolls of amnesia
 o - 3 scrolls of teleportation
 q - 2 scrolls of enchant weapon
 F - 2 scrolls of fog {unknown}
 H - a scroll of immolation {unknown}
Potions
 a - 2 potions of might
 b - 4 potions of mutation
 h - a potion of invisibility {unknown}
 k - 2 potions of curing {unknown}
 r - a potion of haste
 t - 3 potions of lignification {unknown}
 w - 2 potions of flight
 z - a potion of magic
 C - 3 potions of attraction
 I - 2 potions of resistance {unknown}
 K - a potion of brilliance {unknown}


   Skills:
 + Level 4.3 Fighting
 + Level 5.6 Dodging
 + Level 7.3 Stealth
 - Level 6.0 Shields
 * Level 8.3 Spellcasting
 * Level 9.7 Conjurations
 + Level 7.3 Hexes
 + Level 7.4 Translocations
 * Level 2.0 Poison Magic


You had 9 spell levels left.
You knew the following spells:

 Your Spells              Type           Power      Damage    Failure   Level
a - Magic Dart            Conj           100%       1d8       1%          1
b - Searing Ray           Conj           100%       2d8       1%          2
c - Fulminant Prism       Conj/Hex       30%        3d16      1%          4
d - Iskenderun's Mystic   Conj/Tloc      60%        2d13      1%          4
f - Olgreb's Toxic Radia  Pois           25%        N/A       6%          4
x - Ignite Poison         Fire/Tmut/Pois 17%        N/A       3%          3

Your spell library contained the following spells:

 Spells                   Type           Power      Damage    Failure   Level
 Slow                     Hex            100%       N/A       1%          1
 Confusing Touch          Hex            55%        N/A       1%          3
 Dazzling Flash           Conj/Hex       100%       N/A       1%          3
 Inner Flame              Hex/Fire       35%        N/A       1%          3
 Mephitic Cloud           Conj/Pois/Air  37%        N/A       1%          3
 Flame Wave               Conj/Fire      43%        2d9       1%          4
 Hailstorm                Conj/Ice       43%        3d10      1%          4
 Scorch                   Fire           24%        2d6       2%          2
 Cause Fear               Hex            27%        N/A       2%          4
 Call Imp                 Summ           12%        N/A       8%          2
 Freezing Cloud           Conj/Ice/Air   16%        6-21      10%         5
 Vampiric Draining        Necr           12%        2d6       16%         3
 Ice Form                 Ice/Tmut       12%        N/A       45%         4
 Simulacrum               Ice/Necr       6%         N/A       100%        6
 Summon Cactus Giant      Summ           6%         N/A       100%        6
 Discord                  Hex            27%        N/A       100%        8


Dungeon Overview and Level Annotations

Branches:
Dungeon (11/15)            Temple (1/1) D:5             Orc (0/2) D:11
   Lair: D:8-11

Altars:
Ashenzari
Cheibriados
Dithmenos
Elyvilon
Fedhas
Gozag
Hepliaklqana
Kikubaaqudgha
Makhleb
Nemelex Xobeh
Okawaru
Qazlal
Ru
Sif Muna
Trog
Uskayaw
Vehumet
Wu Jian
Xom
Yredelemnul
Zin
The Shining One

Annotations:
D:4 1 transporter


Innate Abilities, Weirdness & Mutations

You cannot wear most types of armour.
You are amphibious.
You can wear up to eight rings at the same time.
Your skin changes colour to match your surroundings (Stealth+).
Your rubbery body absorbs attacks. (AC +1, EV +1)
((You are camouflaged when in or above water. (Stealth+)))
You have tentacles for arms and can constrict up to eight enemies at once.


Message History

The skeletal warrior is severely damaged.
The skeletal warrior is knocked back by the mystic blast.
The skeletal warrior collides with the skeletal warrior!
Casting: Iskenderun's Mystic Blast (safe; 1% risk of failure)
Confirm with . or Enter, or press ? or * to list all spells.
Aiming: Searing Ray (safe; 1% risk of failure)
Press: ? - help, Shift-Dir - straight line The searing ray hits the skeletal warrior.
The skeletal warrior is severely damaged. (Press . to maintain the ray.) Unknown command.
The searing ray hits the skeletal warrior but does no damage.
The skeletal warrior is severely damaged.
The searing ray hits the skeletal warrior but does no damage.
The skeletal warrior is almost destroyed.
The skeletal warrior hits you with a +0 short sword!!
The skeletal warrior hits you from afar with a +0 halberd!
Unknown command.
The skeletal warrior hits you with a +0 short sword!!
* * * LOW HITPOINT WARNING * * *
The skeletal warrior hits you from afar with a +0 halberd!
* * * LOW HITPOINT WARNING * * *
You fly upwards.
There is a stone staircase leading down here.
The skeletal warrior misses you.
Unknown command.
There is an open door here.
Okay, then.
There is an open door here.
Things that are here:
a +0 robe; a +0 dagger
Casting: Searing Ray (safe; 1% risk of failure)
Confirm with . or Enter, or press ? or * to list all spells.
You erupt in a blast of force!
The mystic blast hits the skeletal warrior but does no damage.
The skeletal warrior is heavily damaged.
The skeletal warrior closely misses you.
There is a stone staircase leading up here.
The skeletal warrior hits you with a +0 short sword!
You die...

###### .....#
.....#
.....#############
.....'[........z@#
.....#############
.....# .....#
.....# ###'##
###.# ...># #####


You could see a skeletal warrior.

Vanquished Creatures
  Harold (D:9)
  2 boulder beetles (D:10)
  2 two-headed ogres
  3 skeletal warriors
  Pikel (D:6)
  A cyclops (D:8)
  Psyche (D:8)
  An unseen horror (D:10)
  3 kobold demonologists
  Prince Ribbit (D:9)
  A troll (D:10)
  Grinder (D:6)
  4 slime creatures (D:10)
  A vampire (D:8)
  3 wyverns
  2 vampire mosquitoes (D:11)
  A water moccasin (D:5)
  3 ice beasts (D:9)
  2 sky beasts
  A hornet zombie (D:7)
  2 orc warriors (D:9)
  A necrophage (D:6)
  6 ogres
  A wolf (D:9)
  2 phantoms
  4 lemures (D:6)
  5 centaurs
  Blork the orc (D:6)
  A bullfrog (D:8)
  9 kobold brigands
  2 gnoll sergeants
  A wyvern zombie (D:5)
  A wyvern skeleton (D:7)
  2 water moccasin zombies
  2 water moccasin skeletons (D:5)
  3 electric eels
  8 wights
  A gnoll shaman (D:6)
  2 centaur zombies
  2 centaur skeletons (D:7)
  5 orc priests
  10 hounds
  A jelly (D:4)
  2 iguanas (D:4)
  Natasha (thrice) (D:3)
  7 orc wizards
  A centaur simulacrum (D:9)
  Robin (D:2)
  A howler monkey zombie (D:9)
  7 adders
  15 gnolls
  A shadow imp (D:7)
  3 white imps
  A howler monkey simulacrum (D:9)
  3 ufetubi (D:9)
  A worm (D:3)
  4 dart slugs
  17 orcs
  5 ball pythons
  4 bats
  12 endoplasms
  A giant cockroach (D:1)
  13 goblins
  17 hobgoblins
  32 kobolds
  6 quokkas
  3 frilled lizards
  7 rats
  A fulminant prism (D:8)
275 creatures vanquished.

Vanquished Creatures (others)
  163 fulminant prisms
  9 fungi (D:8)
  48 plants
220 creatures vanquished.

Grand Total: 495 creatures vanquished

Notes
Turn   | Place    | Note
-------+----------+-------------------------------------------
     0 | D:1      | KamiKatze the Octopode Conjurer began the quest for the
                  | Orb.
     0 | D:1      | Reached XP level 1. HP: 11/11 MP: 3/3
   182 | D:1      | Reached XP level 2. HP: 16/17 MP: 0/5
   185 | D:1      | Learned a level 2 spell: Searing Ray
   354 | D:1      | Found a faded altar of an unknown god.
   520 | D:1      | Reached XP level 3. HP: 21/21 MP: 1/6
   606 | D:1      | Reached skill level 1 in Hexes
   791 | D:1      | Reached skill level 1 in Translocations
  1214 | D:1      | Reached XP level 4. HP: 24/27 MP: 2/7
  1220 | D:1      | Learned a level 4 spell: Fulminant Prism
  1852 | D:2      | Noticed Robin
  2072 | D:2      | Reached XP level 5. HP: 31/31 MP: 5/9
  2295 | D:3      | Noticed Natasha
  2299 | D:3      | Killed Natasha
  2594 | D:3      | Noticed Natasha
  2601 | D:3      | Killed Natasha
  2952 | D:3      | Reached XP level 6. HP: 33/36 MP: 8/10
  2954 | D:3      | Noticed Natasha
  2960 | D:3      | Killed Natasha
  3224 | D:4      | Learned a level 4 spell: Iskenderun's Mystic Blast
  3444 | D:4      | Reached skill level 5 in Conjurations
  3564 | D:4      | Reached XP level 7. HP: 41/41 MP: 5/12
  4474 | D:4      | Found a sparkling altar of Nemelex Xobeh.
  4474 | D:4      | Found a transporter.
  4513 | D:5      | Entered Level 5 of the Dungeon
  4513 | D:5      | Found an iron altar of Okawaru.
  4793 | D:5      | Reached XP level 8. HP: 46/46 MP: 8/14
  5094 | D:5      | Found a staircase to the Ecumenical Temple.
  5103 | Temple   | Entered the Ecumenical Temple
  5334 | Temple   | Became a worshipper of Vehumet
  5493 | D:5      | Reached skill level 6 in Conjurations
  5616 | D:5      | Found an ornate altar of the Wu Jian Council.
  5981 | D:6      | Identified the +10 mace of Kidgh {vorpal, rF+ SInv}
  6004 | D:6      | Noticed Grinder
  6009 | D:6      | Killed Grinder
  6010 | D:6      | Reached skill level 5 in Spellcasting
  6010 | D:6      | Reached skill level 5 in Hexes
  6010 | D:6      | Reached skill level 5 in Translocations
  6221 | D:6      | Noticed Pikel
  6263 | D:6      | Noticed Blork the orc
  6436 | D:6      | Killed Blork the orc
  6437 | D:6      | Reached XP level 9. HP: 41/51 MP: 7/16
  6554 | D:6      | Reached * piety under Vehumet
  6554 | D:6      | Offered knowledge of Sandblast by Vehumet.
  6861 | D:6      | Reached skill level 7 in Conjurations
  7667 | D:6      | Killed Pikel
  7667 | D:6      | Offered knowledge of Foxfire by Vehumet.
  7668 | D:6      | Reached skill level 1 in Fighting
  7668 | D:6      | Reached skill level 1 in Shields
  8000 | D:6      | Found a glowing silver altar of Zin.
  8000 | D:6      | Found a white marble altar of Elyvilon.
  8001 | D:6      | Found a glowing golden altar of the Shining One.
  8130 | D:7      | Reached ** piety under Vehumet
  8199 | D:7      | Noticed a two-headed ogre
  8253 | D:7      | Killed a two-headed ogre
  8254 | D:7      | Reached XP level 10. HP: 60/60 MP: 6/19
  9454 | D:8      | Reached skill level 8 in Conjurations
  9555 | D:8      | Noticed Psyche
  9564 | D:8      | Killed Psyche
  9565 | D:8      | Reached skill level 5 in Stealth
  9853 | D:8      | Noticed a cyclops
  9865 | D:8      | Killed a cyclops
 10476 | D:8      | Found a faded altar of an unknown god.
 10477 | D:8      | Found a hazy altar of Hepliaklqana.
 10824 | D:9      | Noticed a kobold demonologist
 10829 | D:9      | Killed a kobold demonologist
 10948 | D:9      | Offered knowledge of Poisonous Vapours by Vehumet.
 11627 | D:9      | Noticed Harold
 11933 | D:9      | Killed Harold
 11934 | D:9      | Reached XP level 11. HP: 51/67 MP: 7/21
 12310 | D:2      | Killed Robin
 12596 | D:9      | Reached *** piety under Vehumet
 12603 | D:9      | Noticed Prince Ribbit
 12674 | D:9      | Killed Prince Ribbit
 13364 | D:10     | Entered Level 10 of the Dungeon
 13434 | D:10     | Noticed a boulder beetle
 13577 | D:10     | Identified the +0 helmet "Ytuceb" {Harm rC++}
 13713 | D:11     | Reached skill level 5 in Shields
 13716 | D:11     | Offered knowledge of Olgreb's Toxic Radiance by Vehumet.
 13717 | D:11     | Reached skill level 9 in Conjurations
 13791 | D:11     | Noticed a skeletal warrior
 13792 | D:11     | Noticed a skeletal warrior
 13845 | D:10     | Learned a level 3 spell: Ignite Poison
 13926 | D:10     | Killed a boulder beetle
 13927 | D:10     | Reached skill level 5 in Dodging
 14047 | D:10     | Learned a level 4 spell: Olgreb's Toxic Radiance
 14069 | D:10     | Noticed a two-headed ogre
 14076 | D:10     | Killed a two-headed ogre
 16102 | D:11     | Noticed a boulder beetle
 16154 | D:10     | Killed a boulder beetle
 16173 | D:11     | Found a staircase to the Orcish Mines.
 16177 | D:11     | Noticed a skeletal warrior
 16266 | D:11     | Noticed a tengu warrior
 16352 | D:11     | Noticed a skeletal warrior
 16449 | D:11     | Killed a skeletal warrior
 16450 | D:11     | Reached skill level 1 in Poison Magic
 16450 | D:11     | Reached XP level 12. HP: 74/74 MP: 6/24
 16911 | D:10     | Slain by a skeletal warrior

Illustrated notes

Levels and vault maps discovered:
D:1:      saegor_arrival_simple_e, layout_rooms,
          shapermc_ecumenical_altar_petra, minmay_heptomino_h4
D:2:      layout_loops_cross, uniq_robin
D:3:      layout_basic, chequers_serial_rivers_micro_b, uniq_natasha
D:4:      layout_layer_cave, grunt_nemelex_the_gamble
D:5:      layout_basic, amcnicky_altar_gilded,
          nicolae_wu_jian_immortal_techniques, temple_hall, moated_statue,
          hangedman_abyss_or_decor_lesser_grid, minmay_strange_pillars,
          chequers_mini_garden
D:6:      kennysheep_housing_project, layout_rooms, good_gods_temple_1,
          uniq_pikel, uniq_blork_the_orc, uniq_grinder
D:7:      layout_loops_corners, minmay_misc_feat_square, hangedman_decor_lopped,
          chequers_serial_rivers_room_b
D:8:      layout_loops_cross, beargit_hepliaklqana_dungeon_heroes,
          serial_bayou_pond_d, fungi_pond_lemuel, uniq_psyche
D:9:      layout_loops_corners, serial_ice, serial_ice_f, serial_ice_i,
          serial_ice_h, serial_ice_m, uniq_prince_ribbit1, uniq_harold
D:10:     layout_basic
D:11:     layout_loops_ring, erik_lair_island, orc_0_dummy,
          nicolae_qazlal_general_emergency
Temple:   regret_index_temple_generic_petals

Skill      XL: |  1  2  3  4  5  6  7  8  9 10 11 12 |
---------------+-------------------------------------+-----
Hexes          | 1 2 3 5 6 7 |  7.3
Translocations | 1 2 3 4 5 6 7 |  7.4
Stealth        | 3 4 6 7 |  7.3
Spellcasting   | 3 4 5 6 7 8 |  8.3
Conjurations   | 5 6 7 8 9 |  9.7
Dodging        | 3 4 5 |  5.6
Fighting       | 2 3 4 |  4.3
Shields        | 2 4 6 |  6.0
Poison Magic   | 1 2 |  2.0

Action                   |  1- 3 |  4- 6 |  7- 9 | 10-12 || total
-------------------------+-------+-------+-------+-------++-------
Melee: Club              |     3 |       |       |       ||     3
       Hand axe          |     3 |       |       |       ||     3
       Constrict         |     5 |     3 |     4 |       ||    12
       Tentacles         |     3 |     3 |     2 |       ||     8
       Spear             |    11 |    16 |     2 |       ||    29
       Punch             |     1 |       |       |       ||     1
       Mace              |       |       |     5 |       ||     5
Throw: Dart              |       |       |       |    13 ||    13
 Cast: Magic Dart        |    60 |    70 |    64 |    36 ||   230
       Searing Ray       |     3 |    15 |    33 |    15 ||    66
       Fulminant Prism   |       |       |    29 |   135 ||   164
       Iskenderun's Myst |       |       |    12 |    41 ||    53
       Ignite Poison     |       |       |       |     3 ||     3
       Olgreb's Toxic Ra |       |       |       |     2 ||     2
  Use: Scroll            |       |       |     4 |     5 ||     9
 Stab: Sleeping          |     1 |     3 |       |       ||     4
Armor: Skin              |       |       |     2 |     2 ||     4
Dodge: Dodged            |     9 |     8 |    27 |    43 ||    87
Block: Buckler           |       |       |     1 |    11 ||    12
